Workbook
Name C_Despesa: '[1]Dades auxiliars'!$N$1:$N$9
Name Dades_Servei: '[2]Dades auxiliars'!$A$1:$J$262
Name T_Despesa: '[1]Dades auxiliars'!$M$1:$M$5

Sheet Càlcul pressupost 
A1: AM eArxiu (3+2) | F1: 36 mesos
A2: Data inici contracte | B2: 44805 | F2: 2 transició
A3: Data inici servei | B3: 44866 | F3: 34 servei
A4: Data fi del contracte | B4: 45900 | F4: 9 mesos pròrroga excepcional (01/09/2027-27/31/05/2028)
A5: Data inici possible pròrroga | B5: 45901 | E5: Servei | F5: Import 2022 | G5: Import 2023 | H5: Import 2024 | I5: Import 2025 | J5: Import Total IVA inclòs | K5: Import Total IVA exclòs
A6: Data màxima fi pròrroga | B6: 46630 | C6: Treball fet real en incidència. Es paga al final | E6: Manteniment correctiu | F6: =+H23 -> 20000 | G6: =+H38 -> 120000 | H6: =+H38 -> 120000 | I6: =H53 -> 80000 | J6: =SUM(F6:I6) -> 340000 | K6: =+ROUND(J6/1.21,2) -> 280991.74
C7: Treball valorat i acceptat. Es paga al final | E7: Manteniment recurrent | F7: =+K23+V23 -> 70583.33 | G7: =+K38 -> 296000 | H7: =+K38 -> 296000 | I7: =K53 -> 197333.33 | J7: =SUM(F7:I7) -> 859916.66 | K7: =+ROUND(J7/1.21,2) -> 710674.93
C8: Treball valorat i acceptat. Es paga al final | E8: Serveis d’evolutius recurrents | F8: =+N23 -> 130553.78 | G8: =+N38 -> 450226.79 | H8: =+N38 -> 450226.79 | I8: =N53 -> 0 | J8: =SUM(F8:I8) -> 1031007.4 | K8: =+ROUND(J8/1.21,2) -> 852072.2
C9: Tarifa plana | E9: Serveis Transversals de Manteniment | F9: =+Q23 -> 18166.67 | G9: =+Q38+R38 -> 109000 | H9: =+Q38+R38 -> 109000 | I9: =Q53 -> 72666.67 | J9: =SUM(F9:I9) -> 308833.34 | K9: =+ROUND(J9/1.21,2) -> 255234.17
E10: Import total licitació | F10: =SUM(F6:F9) -> 239303.78 | G10: =SUM(G6:G9) -> 975226.79 | H10: =SUM(H6:H9) -> 975226.79 | I10: =SUM(I6:I9) -> 350000 | J10: =SUM(J6:J9) -> 2539757.4 | K10: =SUM(K6:K9) -> 2098973
A13: ANY 2022 2 mesos de transició + 2 mesos de servei | E13: 2
B14: Servei | C14: Nom Servei | D14: Codi Aplicació | E14: Nom Aplicació | F14: IT Manteniment correctiu | G14: Preu/hora | H14: € Manteniment correctiu | I14: PT Manteniment recurrent | J14: Preu/hora | K14: € Manteniment recurrent | L14: PT Evolutius recurrents | M14: Preu/hora | N14: € Evolutius recurrents | O14: TT Serveis Transversals de Manteniment | P14: Preu/hora | Q14: € STM | R14: € Llicències | S14: Data inici transició | T14: Data inici servei | U14: Mesos transició | V14: € Transició (recurrent) | W14: TOTAL
B15: SER0372 | C15: eArxiu i Gestió Documental | D15: APP0228 | E15: eArxiu Gestió arxius electrònics | F15: 74.37156 | G15: =+Perfils!$G$23 -> 67.23 | H15: =ROUND(F15*G15,2) -> 5000 | I15: 114.03644 | J15: =+Perfils!$G$32 -> 67.23 | K15: =ROUND(I15*J15,2) -> 7666.67 | L15: 427.21746 | M15: =+Perfils!$G$41 -> 67.23 | N15: =ROUND(L15*M15,2) -> 28721.83 | O15: 0 | P15: =+Perfils!$G$50 -> 68.34 | Q15: =ROUND(O15*P15,2) -> 0 | R15: 0 | S15: =+$B$2 -> 44805 | T15: =+$B$3 -> 44866 | U15: 2 | V15: =+(Q30+K30+H30)/12*2*0.25 -> 3166.6667 | W15: =+H15+K15+Q15+R15+N15+V15 -> 44555.167
B16: SER0372 | C16: eArxiu i Gestió Documental | D16: APP0718 | E16: Catàleg de Documents | F16: 19.832367 | G16: =+Perfils!$G$23 -> 67.23 | H16: =ROUND(F16*G16,2) -> 1333.33 | I16: 123.95255 | J16: =+Perfils!$G$32 -> 67.23 | K16: =ROUND(I16*J16,2) -> 8333.33 | L16: 155.35178 | M16: =+Perfils!$G$41 -> 67.23 | N16: =ROUND(L16*M16,2) -> 10444.3 | O16: 0 | P16: =+Perfils!$G$50 -> 68.34 | Q16: =ROUND(O16*P16,2) -> 0 | R16: 0 | S16: =+$B$2 -> 44805 | T16: =+$B$3 -> 44866 | U16: 2 | V16: =+(Q31+K31+H31)/12*2*0.25 -> 2416.6667 | W16: =+H16+K16+Q16+R16+N16+V16 -> 22527.627
B17: SER0372 | C17: eArxiu i Gestió Documental | D17: APP1140 | E17: Framework OpenText eArxiu | F17: 74.37156 | G17: =+Perfils!$G$23 -> 67.23 | H17: =ROUND(F17*G17,2) -> 5000 | I17: 101.64108 | J17: =+Perfils!$G$32 -> 67.23 | K17: =ROUND(I17*J17,2) -> 6833.33 | L17: 368.96058 | M17: =+Perfils!$G$41 -> 67.23 | N17: =ROUND(L17*M17,2) -> 24805.22 | O17: 0 | P17: =+Perfils!$G$50 -> 68.34 | Q17: =ROUND(O17*P17,2) -> 0 | R17: 0 | S17: =+$B$2 -> 44805 | T17: =+$B$3 -> 44866 | U17: 2 | V17: =+(Q32+K32+H32)/12*2*0.25 -> 2958.3333 | W17: =+H17+K17+Q17+R17+N17+V17 -> 39596.883
B18: SER0372 | C18: eArxiu i Gestió Documental | D18: APP1164 | E18: eOficines i Configuració CS OpenText | F18: 32.227726 | G18: =+Perfils!$G$23 -> 67.23 | H18: =ROUND(F18*G18,2) -> 2166.67 | I18: 89.865685 | J18: =+Perfils!$G$32 -> 67.23 | K18: =ROUND(I18*J18,2) -> 6041.67 | L18: 291.28469 | M18: =+Perfils!$G$41 -> 67.23 | N18: =ROUND(L18*M18,2) -> 19583.07 | O18: 0 | P18: =+Perfils!$G$50 -> 68.34 | Q18: =ROUND(O18*P18,2) -> 0 | R18: 0 | S18: =+$B$2 -> 44805 | T18: =+$B$3 -> 44866 | U18: 2 | V18: =+(Q33+K33+H33)/12*2*0.25 -> 2208.3333 | W18: =+H18+K18+Q18+R18+N18+V18 -> 29999.743
B19: SER0372 | C19: eArxiu i Gestió Documental | D19: APP1138 | E19: eArxiu Gestió arxius físics | F19: 49.580991 | G19: =+Perfils!$G$23 -> 67.23 | H19: =ROUND(F19*G19,2) -> 3333.33 | I19: 118.9945 | J19: =+Perfils!$G$32 -> 67.23 | K19: =ROUND(I19*J19,2) -> 8000 | L19: 233.02767 | M19: =+Perfils!$G$41 -> 67.23 | N19: =ROUND(L19*M19,2) -> 15666.45 | O19: 0 | P19: =+Perfils!$G$50 -> 68.34 | Q19: =ROUND(O19*P19,2) -> 0 | R19: 0 | S19: =+$B$2 -> 44805 | T19: =+$B$3 -> 44866 | U19: 2 | V19: =+(Q34+K34+H34)/12*2*0.25 -> 2833.3333 | W19: =+H19+K19+Q19+R19+N19+V19 -> 29833.113
B20: SER0372 | C20: eArxiu i Gestió Documental | D20: APP1038 | E20: Mòdul de digitalització segura | F20: 14.874312 | G20: =+Perfils!$G$23 -> 67.23 | H20: =ROUND(F20*G20,2) -> 1000 | I20: 86.766771 | J20: =+Perfils!$G$32 -> 67.23 | K20: =ROUND(I20*J20,2) -> 5833.33 | L20: 291.28469 | M20: =+Perfils!$G$41 -> 67.23 | N20: =ROUND(L20*M20,2) -> 19583.07 | O20: 0 | P20: =+Perfils!$G$50 -> 68.34 | Q20: =ROUND(O20*P20,2) -> 0 | R20: 0 | S20: =+$B$2 -> 44805 | T20: =+$B$3 -> 44866 | U20: 2 | V20: =+(Q35+K35+H35)/12*2*0.25 -> 1708.3333 | W20: =+H20+K20+Q20+R20+N20+V20 -> 28124.733
B21: SER0372 | C21: eArxiu i Gestió Documental | D21: APP0979 | E21: Aplicació pública de recerca OPAC | F21: 32.227726 | G21: =+Perfils!$G$23 -> 67.23 | H21: =ROUND(F21*G21,2) -> 2166.67 | I21: 89.245872 | J21: =+Perfils!$G$32 -> 67.23 | K21: =ROUND(I21*J21,2) -> 6000 | L21: 174.77079 | M21: =+Perfils!$G$41 -> 67.23 | N21: =ROUND(L21*M21,2) -> 11749.84 | O21: 0 | P21: =+Perfils!$G$50 -> 68.34 | Q21: =ROUND(O21*P21,2) -> 0 | R21: 0 | S21: =+$B$2 -> 44805 | T21: =+$B$3 -> 44866 | U21: 2 | V21: =+(Q36+K36+H36)/12*2*0.25 -> 2041.6667 | W21: =+H21+K21+Q21+R21+N21+V21 -> 21958.177
B22: SER9999 | C22: Genèric | D22: APP9999 | E22: Genèric | F22: 0 | G22: =+Perfils!$G$23 -> 67.23 | H22: =ROUND(H37/12*$E$13,2) -> 0 | I22: 0 | J22: =+Perfils!$G$32 -> 67.23 | K22: =ROUND(I22*J22,2) -> 0 | L22: 0 | M22: =+Perfils!$G$41 -> 67.23 | N22: =ROUND(L22*M22,2) -> 0 | O22: 265.82777 | P22: =+Perfils!$G$50 -> 68.34 | Q22: =ROUND(O22*P22,2) -> 18166.67 | R22: 0 | S22: =+$B$2 -> 44805 | T22: =+$B$3 -> 44866 | U22: 0 | V22: =+(Q37+K37+H37)/12*2*0.25 -> 4541.6667 | W22: =+H22+K22+Q22+R22+N22+V22 -> 22708.337
B23: Total | F23: =SUM(F15:F22) -> 297.48624 | H23: =SUM(H15:H22) -> 20000 | I23: =SUM(I15:I22) -> 724.5029 | K23: =SUM(K15:K22) -> 48708.33 | L23: =SUM(L15:L22) -> 1941.8977 | N23: =SUM(N15:N22) -> 130553.78 | O23: =SUM(O15:O22) -> 265.82777 | Q23: =SUM(Q15:Q22) -> 18166.67 | R23: =SUM(R15:R22) -> 0 | V23: =SUM(V15:V22) -> 21875 | W23: =SUM(W15:W22) -> 239303.78
H24: =Q6 -> 0 | K24: =Q7 -> 0
E25: FTE | F25: =(F23/$E$13/8)/20 -> 0.9296445 | I25: =(I23/$E$13/8)/20 -> 2.2640716 | L25: =(L23/$E$13/8)/20 -> 6.0684302 | O25: =(O23/$E$13/8)/20 -> 0.83071179 | Q25: =Q24/P22 -> 0 | S25: =SUM(I25:R25) -> 9.1632136
A28: ANYS 2023-2024 | D28: Mesos | E28: 12
B29: Servei | C29: Nom Servei | D29: Codi Aplicació | E29: Nom Aplicació | F29: IT Manteniment correctiu | G29: Preu/hora | H29: € Manteniment correctiu | I29: PT Manteniment recurrent | J29: Preu/hora | K29: € Manteniment recurrent | L29: PT Evolutius recurrents | M29: Preu/hora | N29: € Evolutius recurrents | O29: TT Serveis Transversals de Manteniment | P29: Preu/hora | Q29: € STM | R29: € Llicències | S29: TOTAL
B30: SER0372 | C30: eArxiu i Gestió Documental | D30: APP0228 | E30: eArxiu Gestió arxius electrònics | F30: 446.22936 | G30: =+Perfils!$G$23 -> 67.23 | H30: =ROUND(F30*G30,2) -> 30000 | I30: 684.21835 | J30: =+Perfils!$G$32 -> 67.23 | K30: =ROUND(I30*J30,2) -> 46000 | L30: 1473.299 | M30: =+Perfils!$G$41 -> 67.23 | N30: =ROUND(L30*M30,2) -> 99049.89 | O30: 0 | P30: =+Perfils!$G$50 -> 68.34 | Q30: =ROUND(O30*P30,2) -> 0 | R30: 0 | S30: =+H30+K30+Q30+R30+N30 -> 175049.89
B31: SER0372 | C31: eArxiu i Gestió Documental | D31: APP0718 | E31: Catàleg de Documents | F31: 118.9945 | G31: =+Perfils!$G$23 -> 67.23 | H31: =ROUND(F31*G31,2) -> 8000 | I31: 743.7156 | J31: =+Perfils!$G$32 -> 67.23 | K31: =ROUND(I31*J31,2) -> 50000 | L31: 535.74511 | M31: =+Perfils!$G$41 -> 67.23 | N31: =ROUND(L31*M31,2) -> 36018.14 | O31: 0 | P31: =+Perfils!$G$50 -> 68.34 | Q31: =ROUND(O31*P31,2) -> 0 | R31: 0 | S31: =+H31+K31+Q31+R31+N31 -> 94018.14
B32: SER0372 | C32: eArxiu i Gestió Documental | D32: APP1140 | E32: Framework OpenText eArxiu | F32: 446.22936 | G32: =+Perfils!$G$23 -> 67.23 | H32: =ROUND(F32*G32,2) -> 30000 | I32: 609.84679 | J32: =+Perfils!$G$32 -> 67.23 | K32: =ROUND(I32*J32,2) -> 41000 | L32: 1272.3946 | M32: =+Perfils!$G$41 -> 67.23 | N32: =ROUND(L32*M32,2) -> 85543.09 | O32: 0 | P32: =+Perfils!$G$50 -> 68.34 | Q32: =ROUND(O32*P32,2) -> 0 | R32: 0 | S32: =+H32+K32+Q32+R32+N32 -> 156543.09
B33: SER0372 | C33: eArxiu i Gestió Documental | D33: APP1164 | E33: eOficines i Configuració CS OpenText | F33: 193.36606 | G33: =+Perfils!$G$23 -> 67.23 | H33: =ROUND(F33*G33,2) -> 13000 | I33: 594.97248 | J33: =+Perfils!$G$32 -> 67.23 | K33: =ROUND(I33*J33,2) -> 40000 | L33: 1004.5221 | M33: =+Perfils!$G$41 -> 67.23 | N33: =ROUND(L33*M33,2) -> 67534.02 | O33: 0 | P33: =+Perfils!$G$50 -> 68.34 | Q33: =ROUND(O33*P33,2) -> 0 | R33: 0 | S33: =+H33+K33+Q33+R33+N33 -> 120534.02
B34: SER0372 | C34: eArxiu i Gestió Documental | D34: APP1138 | E34: eArxiu Gestió arxius físics | F34: 297.48624 | G34: =+Perfils!$G$23 -> 67.23 | H34: =ROUND(F34*G34,2) -> 20000 | I34: 713.96698 | J34: =+Perfils!$G$32 -> 67.23 | K34: =ROUND(I34*J34,2) -> 48000 | L34: 803.61766 | M34: =+Perfils!$G$41 -> 67.23 | N34: =ROUND(L34*M34,2) -> 54027.22 | O34: 0 | P34: =+Perfils!$G$50 -> 68.34 | Q34: =ROUND(O34*P34,2) -> 0 | R34: 0 | S34: =+H34+K34+Q34+R34+N34 -> 122027.22
B35: SER0372 | C35: eArxiu i Gestió Documental | D35: APP1038 | E35: Mòdul de digitalització segura | F35: 89.245872 | G35: =+Perfils!$G$23 -> 67.23 | H35: =ROUND(F35*G35,2) -> 6000 | I35: 520.60092 | J35: =+Perfils!$G$32 -> 67.23 | K35: =ROUND(I35*J35,2) -> 35000 | L35: 1004.5221 | M35: =+Perfils!$G$41 -> 67.23 | N35: =ROUND(L35*M35,2) -> 67534.02 | O35: 0 | P35: =+Perfils!$G$50 -> 68.34 | Q35: =ROUND(O35*P35,2) -> 0 | R35: 0 | S35: =+H35+K35+Q35+R35+N35 -> 108534.02
B36: SER0372 | C36: eArxiu i Gestió Documental | D36: APP0979 | E36: Aplicació pública de recerca OPAC | F36: 193.36606 | G36: =+Perfils!$G$23 -> 67.23 | H36: =ROUND(F36*G36,2) -> 13000 | I36: 535.47523 | J36: =+Perfils!$G$32 -> 67.23 | K36: =ROUND(I36*J36,2) -> 36000 | L36: 602.71325 | M36: =+Perfils!$G$41 -> 67.23 | N36: =ROUND(L36*M36,2) -> 40520.41 | O36: 0 | P36: =+Perfils!$G$50 -> 68.34 | Q36: =ROUND(O36*P36,2) -> 0 | R36: 0 | S36: =+H36+K36+Q36+R36+N36 -> 89520.41
B37: SER9999 | C37: Genèric | D37: APP9999 | E37: Genèric | F37: 0 | G37: =+Perfils!$G$23 -> 67.23 | H37: =ROUND(F37*G37,2) -> 0 | I37: 0 | J37: =+Perfils!$G$32 -> 67.23 | K37: =ROUND(I37*J37,2) -> 0 | L37: 0 | M37: =+Perfils!$G$41 -> 67.23 | N37: =ROUND(L37*M37,2) -> 0 | O37: 1594.9663 | P37: =+Perfils!$G$50 -> 68.34 | Q37: =ROUND(O37*P37,2) -> 109000 | R37: 0 | S37: =+H37+K37+Q37+R37+N37 -> 109000
B38: Total | F38: =SUM(F30:F37) -> 1784.9174 | H38: =SUM(H30:H37) -> 120000 | I38: =SUM(I30:I37) -> 4402.7964 | K38: =SUM(K30:K37) -> 296000 | L38: =SUM(L30:L36) -> 6696.8138 | N38: =SUM(N30:N37) -> 450226.79 | O38: =SUM(O30:O37) -> 1594.9663 | Q38: =SUM(Q30:Q37) -> 109000 | R38: =SUM(R30:R37) -> 0 | S38: =SUM(S30:S37) -> 975226.79
E40: FTE | F40: =(F38/$E$28/8)/20 -> 0.9296445 | I40: =(I38/$E$28/8)/20 -> 2.2931231 | L40: =(L38/$E$28/8)/20 -> 3.4879239 | O40: =(O38/$E$28/8)/20 -> 0.83071164 | S40: =SUM(F40:R40) -> 7.5414031
A43: ANY 2025 8 mesos de servei | D43: Mesos | E43: 8
B44: Servei | C44: Nom Servei | D44: Codi Aplicació | E44: Nom Aplicació | F44: IT Manteniment correctiu | G44: Preu/hora | H44: € Manteniment correctiu | I44: PT Manteniment recurrent | J44: Preu/hora | K44: € Manteniment recurrent | L44: PT Evolutius recurrents | M44: Preu/hora | N44: € Evolutius recurrents | O44: TT Serveis Transversals de Manteniment | P44: Preu/hora | Q44: € STM | R44: € Llicències | S44: TOTAL
B45: SER0372 | C45: eArxiu i Gestió Documental | D45: APP0228 | E45: eArxiu Gestió arxius electrònics | F45: 297.48624 | G45: =+Perfils!$G$23 -> 67.23 | H45: =ROUND(F45*G45,2) -> 20000 | I45: 456.14562 | J45: =+Perfils!$G$32 -> 67.23 | K45: =ROUND(I45*J45,2) -> 30666.67 | O45: 0 | P45: =+Perfils!$G$50 -> 68.34 | Q45: =ROUND(O45*P45,2) -> 0 | R45: 0 | S45: =+H45+K45+Q45+R45+N45 -> 50666.67
B46: SER0372 | C46: eArxiu i Gestió Documental | D46: APP0718 | E46: Catàleg de Documents | F46: 79.329615 | G46: =+Perfils!$G$23 -> 67.23 | H46: =ROUND(F46*G46,2) -> 5333.33 | I46: 495.81035 | J46: =+Perfils!$G$32 -> 67.23 | K46: =ROUND(I46*J46,2) -> 33333.33 | O46: 0 | P46: =+Perfils!$G$50 -> 68.34 | Q46: =ROUND(O46*P46,2) -> 0 | R46: 0 | S46: =+H46+K46+Q46+R46+N46 -> 38666.66
B47: SER0372 | C47: eArxiu i Gestió Documental | D47: APP1140 | E47: Framework OpenText eArxiu | F47: 297.48624 | G47: =+Perfils!$G$23 -> 67.23 | H47: =ROUND(F47*G47,2) -> 20000 | I47: 406.56448 | J47: =+Perfils!$G$32 -> 67.23 | K47: =ROUND(I47*J47,2) -> 27333.33 | O47: 0 | P47: =+Perfils!$G$50 -> 68.34 | Q47: =ROUND(O47*P47,2) -> 0 | R47: 0 | S47: =+H47+K47+Q47+R47+N47 -> 47333.33
B48: SER0372 | C48: eArxiu i Gestió Documental | D48: APP1164 | E48: eOficines i Configuració CS OpenText | F48: 128.91075 | G48: =+Perfils!$G$23 -> 67.23 | H48: =ROUND(F48*G48,2) -> 8666.67 | I48: 396.64837 | J48: =+Perfils!$G$32 -> 67.23 | K48: =ROUND(I48*J48,2) -> 26666.67 | O48: 0 | P48: =+Perfils!$G$50 -> 68.34 | Q48: =ROUND(O48*P48,2) -> 0 | R48: 0 | S48: =+H48+K48+Q48+R48+N48 -> 35333.34
B49: SER0372 | C49: eArxiu i Gestió Documental | D49: APP1138 | E49: eArxiu Gestió arxius físics | F49: 198.32411 | G49: =+Perfils!$G$23 -> 67.23 | H49: =ROUND(F49*G49,2) -> 13333.33 | I49: 475.97799 | J49: =+Perfils!$G$32 -> 67.23 | K49: =ROUND(I49*J49,2) -> 32000 | O49: 0 | P49: =+Perfils!$G$50 -> 68.34 | Q49: =ROUND(O49*P49,2) -> 0 | R49: 0 | S49: =+H49+K49+Q49+R49+N49 -> 45333.33
B50: SER0372 | C50: eArxiu i Gestió Documental | D50: APP1038 | E50: Mòdul de digitalització segura | F50: 59.497248 | G50: =+Perfils!$G$23 -> 67.23 | H50: =ROUND(F50*G50,2) -> 4000 | I50: 347.06723 | J50: =+Perfils!$G$32 -> 67.23 | K50: =ROUND(I50*J50,2) -> 23333.33 | O50: 0 | P50: =+Perfils!$G$50 -> 68.34 | Q50: =ROUND(O50*P50,2) -> 0 | R50: 0 | S50: =+H50+K50+Q50+R50+N50 -> 27333.33
B51: SER0372 | C51: eArxiu i Gestió Documental | D51: APP0979 | E51: Aplicació pública de recerca OPAC | F51: 128.91075 | G51: =+Perfils!$G$23 -> 67.23 | H51: =ROUND(F51*G51,2) -> 8666.67 | I51: 356.98349 | J51: =+Perfils!$G$32 -> 67.23 | K51: =ROUND(I51*J51,2) -> 24000 | O51: 0 | P51: =+Perfils!$G$50 -> 68.34 | Q51: =ROUND(O51*P51,2) -> 0 | R51: 0 | S51: =+H51+K51+Q51+R51+N51 -> 32666.67
B52: SER9999 | C52: Genèric | D52: APP9999 | E52: Genèric | F52: 0 | G52: =+Perfils!$G$23 -> 67.23 | H52: =ROUND(F52*G52,2) -> 0 | I52: 0 | J52: =+Perfils!$G$32 -> 67.23 | K52: =ROUND(I52*J52,2) -> 0 | O52: 1063.3109 | P52: =+Perfils!$G$50 -> 68.34 | Q52: =ROUND(O52*P52,2) -> 72666.67 | R52: 0 | S52: =+H52+K52+Q52+R52+N52 -> 72666.67
B53: Total | F53: =SUM(F45:F52) -> 1189.945 | H53: =SUM(H45:H52) -> 80000 | I53: =SUM(I45:I52) -> 2935.1975 | K53: =SUM(K45:K52) -> 197333.33 | N53: =SUM(N45:N52) -> 0 | O53: =SUM(O45:O52) -> 1063.3109 | Q53: =SUM(Q45:Q52) -> 72666.67 | R53: =SUM(R45:R52) -> 0 | S53: =SUM(S45:S52) -> 350000
E55: FTE | F55: =(F53/$E$43/8)/20 -> 0.9296445 | I55: =(I53/$E$43/8)/20 -> 2.2931231 | O55: =(O53/$E$13/8)/20 -> 3.3228467 | Q55: =Q54/P52 -> 0 | S55: =SUM(F55:R55) -> 6.5456143
K56: Ev.Recurrents 8 mesos amb IVA | N56: 300151.2
K57: Ev.Recurrents 8 mesos sense IVA | N57: =+N56/1.21 -> 248058.84

Sheet Perfils
D2: Import €/hora amb IVA | E2: Preu/hora IVA exclòs
C3: Gestor/a de servei/Cap de projecte | D3: =+ROUND(E3*1.21,2) -> 88.48 | E3: 73.12
C4: Consultor/a sènior OPENTEXT | D4: =+ROUND(E4*1.21,2) -> 74.87 | E4: 61.88
C5: Consultor/a OPENTEXT | D5: =+ROUND(E5*1.21,2) -> 68.06 | E5: 56.25
C6: Arquitecte OPENTEXT / Responsable tècnic/a de seguretat | D6: =+ROUND(E6*1.21,2) -> 81.68 | E6: 67.5
C7: Consultor/a SAP | D7: =+ROUND(E7*1.21,2) -> 53.78 | E7: 44.45
C8: Analista programador/a SAP | D8: =+ROUND(E8*1.21,2) -> 48.25 | E8: 39.88
C9: Arquitecte J2EE | D9: =+ROUND(E9*1.21,2) -> 60.09 | E9: 49.66
C10: Analista programador/a J2EE | D10: =+ROUND(E10*1.21,2) -> 43.58 | E10: 36.02
C11: Programador/a J2EE | D11: =+ROUND(E11*1.21,2) -> 32.96 | E11: 27.24
B14: Servei plec | C14: Perfil | D14: % dedicació | E14: Preu perfil IVA inclòs | F14: Preu perfil IVA exclòs | G14: Preu / hora /perfil
B15: Manteniment correctiu | C15: =$C$3 -> Gestor/a de servei/Cap de projecte | D15: 0.1 | E15: =$D$3 -> 88.48 | F15: =$E$3 -> 73.12 | G15: =E15*D15 -> 8.848
C16: =$C$4 -> Consultor/a sènior OPENTEXT | D16: 0.4 | E16: =$D$4 -> 74.87 | F16: =$E$4 -> 61.88 | G16: =E16*D16 -> 29.948
C17: =$C$6 -> Arquitecte OPENTEXT / Responsable tècnic/a de seguretat | D17: 0.15 | E17: =$D$6 -> 81.68 | F17: =$E$6 -> 67.5 | G17: =E17*D17 -> 12.252
C18: =$C$9 -> Arquitecte J2EE | D18: 0.1 | E18: =$D$9 -> 60.09 | F18: =$E$9 -> 49.66 | G18: =E18*D18 -> 6.009
C19: =$C$10 -> Analista programador/a J2EE | D19: 0.1 | E19: =$D$10 -> 43.58 | F19: =$E$10 -> 36.02 | G19: =E19*D19 -> 4.358
C20: =$C$11 -> Programador/a J2EE | D20: 0.1 | E20: =$D$11 -> 32.96 | F20: =$E$11 -> 27.24 | G20: =E20*D20 -> 3.296
C21: =$C$7 -> Consultor/a SAP | D21: 0.02 | E21: =$D$7 -> 53.78 | F21: =$E$7 -> 44.45 | G21: =E21*D21 -> 1.0756
C22: =$C$8 -> Analista programador/a SAP | D22: 0.03 | E22: =$D$8 -> 48.25 | F22: =$E$8 -> 39.88 | G22: =E22*D22 -> 1.4475
C23: Preu perfil tipus | G23: =ROUND(SUM(G15:G22),2) -> 67.23 | H23: =SUM(D15:D22) -> 1
B24: Manteniment recurrent | C24: =$C$3 -> Gestor/a de servei/Cap de projecte | D24: 0.1 | E24: =$D$3 -> 88.48 | F24: =$E$3 -> 73.12 | G24: =E24*D24 -> 8.848
C25: =$C$4 -> Consultor/a sènior OPENTEXT | D25: 0.4 | E25: =$D$4 -> 74.87 | F25: =$E$4 -> 61.88 | G25: =E25*D25 -> 29.948
C26: =$C$6 -> Arquitecte OPENTEXT / Responsable tècnic/a de seguretat | D26: 0.15 | E26: =$D$6 -> 81.68 | F26: =$E$6 -> 67.5 | G26: =E26*D26 -> 12.252
C27: =$C$9 -> Arquitecte J2EE | D27: 0.1 | E27: =$D$9 -> 60.09 | F27: =$E$9 -> 49.66 | G27: =E27*D27 -> 6.009
C28: =$C$10 -> Analista programador/a J2EE | D28: 0.1 | E28: =$D$10 -> 43.58 | F28: =$E$10 -> 36.02 | G28: =E28*D28 -> 4.358
C29: =$C$11 -> Programador/a J2EE | D29: 0.1 | E29: =$D$11 -> 32.96 | F29: =$E$11 -> 27.24 | G29: =E29*D29 -> 3.296
C30: =$C$7 -> Consultor/a SAP | D30: 0.02 | E30: =$D$7 -> 53.78 | F30: =$E$7 -> 44.45 | G30: =E30*D30 -> 1.0756
C31: =$C$8 -> Analista programador/a SAP | D31: 0.03 | E31: =$D$8 -> 48.25 | F31: =$E$8 -> 39.88 | G31: =E31*D31 -> 1.4475
C32: Preu perfil tipus | G32: =ROUND(SUM(G24:G31),2) -> 67.23 | H32: =SUM(D24:D31) -> 1
B33: Serveis d’evolutius recurrents | C33: =$C$3 -> Gestor/a de servei/Cap de projecte | D33: 0.1 | E33: =$D$3 -> 88.48 | F33: =$E$3 -> 73.12 | G33: =E33*D33 -> 8.848
C34: =$C$4 -> Consultor/a sènior OPENTEXT | D34: 0.4 | E34: =$D$4 -> 74.87 | F34: =$E$4 -> 61.88 | G34: =E34*D34 -> 29.948
C35: =$C$6 -> Arquitecte OPENTEXT / Responsable tècnic/a de seguretat | D35: 0.15 | E35: =$D$6 -> 81.68 | F35: =$E$6 -> 67.5 | G35: =E35*D35 -> 12.252
C36: =$C$9 -> Arquitecte J2EE | D36: 0.1 | E36: =$D$9 -> 60.09 | F36: =$E$9 -> 49.66 | G36: =E36*D36 -> 6.009
C37: =$C$10 -> Analista programador/a J2EE | D37: 0.1 | E37: =$D$10 -> 43.58 | F37: =$E$10 -> 36.02 | G37: =E37*D37 -> 4.358
C38: =$C$11 -> Programador/a J2EE | D38: 0.1 | E38: =$D$11 -> 32.96 | F38: =$E$11 -> 27.24 | G38: =E38*D38 -> 3.296
C39: =$C$7 -> Consultor/a SAP | D39: 0.02 | E39: =$D$7 -> 53.78 | F39: =$E$7 -> 44.45 | G39: =E39*D39 -> 1.0756
C40: =$C$8 -> Analista programador/a SAP | D40: 0.03 | E40: =$D$8 -> 48.25 | F40: =$E$8 -> 39.88 | G40: =E40*D40 -> 1.4475
C41: Preu perfil tipus | G41: =ROUND(SUM(G33:G40),2) -> 67.23 | H41: =SUM(D33:D40) -> 1
B42: Serveis Transversals de Manteniment | C42: =$C$3 -> Gestor/a de servei/Cap de projecte | D42: 0.05 | E42: =$D$3 -> 88.48 | F42: =$E$3 -> 73.12 | G42: =E42*D42 -> 4.424
C43: =$C$4 -> Consultor/a sènior OPENTEXT | D43: 0.05 | E43: =$D$4 -> 74.87 | F43: =$E$4 -> 61.88 | G43: =E43*D43 -> 3.7435
C44: =$C$5 -> Consultor/a OPENTEXT | D44: 0.4 | E44: =$D$5 -> 68.06 | F44: =$E$5 -> 56.25 | G44: =E44*D44 -> 27.224
C45: =+$C$6 -> Arquitecte OPENTEXT / Responsable tècnic/a de seguretat | D45: 0.22 | E45: =$D$6 -> 81.68 | F45: =$E$6 -> 67.5 | G45: =E45*D45 -> 17.9696
C46: =+$C$9 -> Arquitecte J2EE | D46: 0.15 | E46: =$D$9 -> 60.09 | F46: =$E$9 -> 49.66 | G46: =E46*D46 -> 9.0135
C47: =+$C$10 -> Analista programador/a J2EE | D47: 0.09 | E47: =$D$10 -> 43.58 | F47: =$E$10 -> 36.02 | G47: =E47*D47 -> 3.9222
C48: =$C$7 -> Consultor/a SAP | D48: 0.02 | E48: =$D$7 -> 53.78 | F48: =$E$7 -> 44.45 | G48: =E48*D48 -> 1.0756
C49: =$C$8 -> Analista programador/a SAP | D49: 0.02 | E49: =$D$8 -> 48.25 | F49: =$E$8 -> 39.88 | G49: =E49*D49 -> 0.965
C50: Preu perfil tipus | G50: =ROUND(SUM(G42:G49),2) -> 68.34 | H50: =SUM(D42:D49) -> 1

Sheet Taules IJ
A2: Distribució de pressupost per any i per servei
B4: 2022 | E4: 2023 | H4: 2024 | K4: 2025
A5: Serveis | B5: Import net | C5: IVA 21% | D5: Import total | E5: Import net | F5: IVA 21% | G5: Import total | H5: Import net | I5: IVA 21% | J5: Import total | K5: Import net | L5: IVA 21% | M5: Import total | N5: Total import net | O5: Total IVA 21% | P5: Total import contracte
A6: Manteniment correctiu | B6: =ROUND('Càlcul pressupost '!F6/1.21,2) -> 16528.93 | C6: =ROUND(B6*0.21,2) -> 3471.08 | D6: =+B6+C6 -> 20000.01 | E6: =ROUND('Càlcul pressupost '!G6/1.21,2) -> 99173.55 | F6: =ROUND(E6*0.21,2) -> 20826.45 | G6: =+E6+F6 -> 120000 | H6: =ROUND('Càlcul pressupost '!H6/1.21,2) -> 99173.55 | I6: =ROUND(H6*0.21,2) -> 20826.45 | J6: =+H6+I6 -> 120000 | K6: =ROUND('Càlcul pressupost '!I6/1.21,2) -> 66115.7 | L6: =ROUND(K6*0.21,2) -> 13884.3 | M6: =+K6+L6 -> 80000 | N6: =+B6+E6+H6+K6 -> 280991.73 | O6: =+C6+F6+I6+L6 -> 59008.28 | P6: =+D6+G6+J6+M6 -> 340000.01
A7: Manteniment recurrent | B7: =ROUND('Càlcul pressupost '!F7/1.21,2) -> 58333.33 | C7: =ROUND(B7*0.21,2) -> 12250 | D7: =+B7+C7 -> 70583.33 | E7: =ROUND('Càlcul pressupost '!G7/1.21,2) -> 244628.1 | F7: =ROUND(E7*0.21,2) -> 51371.9 | G7: =+E7+F7 -> 296000 | H7: =ROUND('Càlcul pressupost '!H7/1.21,2) -> 244628.1 | I7: =ROUND(H7*0.21,2) -> 51371.9 | J7: =+H7+I7 -> 296000 | K7: =ROUND('Càlcul pressupost '!I7/1.21,2) -> 163085.4 | L7: =ROUND(K7*0.21,2)+0.02 -> 34247.95 | M7: =+K7+L7 -> 197333.35 | N7: =+B7+E7+H7+K7 -> 710674.93 | O7: =+C7+F7+I7+L7 -> 149241.75 | P7: =+D7+G7+J7+M7 -> 859916.68
A8: Serveis d’evolutius recurrents | B8: =ROUND('Càlcul pressupost '!F8/1.21,2) -> 107895.69 | C8: =ROUND(B8*0.21,2) -> 22658.09 | D8: =+B8+C8 -> 130553.78 | E8: =ROUND('Càlcul pressupost '!G8/1.21,2) -> 372088.26 | F8: =ROUND(E8*0.21,2) -> 78138.53 | G8: =+E8+F8 -> 450226.79 | H8: =ROUND('Càlcul pressupost '!H8/1.21,2) -> 372088.26 | I8: =ROUND(H8*0.21,2) -> 78138.53 | J8: =+H8+I8 -> 450226.79 | K8: =ROUND('Càlcul pressupost '!I8/1.21,2) -> 0 | L8: =ROUND(K8*0.21,2) -> 0 | M8: =+K8+L8 -> 0 | N8: =+B8+E8+H8+K8 -> 852072.21 | O8: =+C8+F8+I8+L8 -> 178935.15 | P8: =+D8+G8+J8+M8 -> 1031007.4
A9: Serveis Transversals de Manteniment | B9: =ROUND('Càlcul pressupost '!F9/1.21,2) -> 15013.78 | C9: =ROUND(B9*0.21,2) -> 3152.89 | D9: =+B9+C9 -> 18166.67 | E9: =ROUND('Càlcul pressupost '!G9/1.21,2) -> 90082.64 | F9: =ROUND(E9*0.21,2) -> 18917.35 | G9: =+E9+F9 -> 108999.99 | H9: =ROUND('Càlcul pressupost '!H9/1.21,2) -> 90082.64 | I9: =ROUND(H9*0.21,2) -> 18917.35 | J9: =+H9+I9 -> 108999.99 | K9: =ROUND('Càlcul pressupost '!I9/1.21,2) -> 60055.1 | L9: =ROUND(K9*0.21,2) -> 12611.57 | M9: =+K9+L9 -> 72666.67 | N9: =+B9+E9+H9+K9 -> 255234.16 | O9: =+C9+F9+I9+L9 -> 53599.16 | P9: =+D9+G9+J9+M9 -> 308833.32
B10: =SUM(B6:B9) -> 197771.73 | C10: =SUM(C6:C9) -> 41532.06 | D10: =SUM(D6:D9) -> 239303.79 | E10: =SUM(E6:E9) -> 805972.55 | F10: =SUM(F6:F9) -> 169254.23 | G10: =SUM(G6:G9) -> 975226.78 | H10: =SUM(H6:H9) -> 805972.55 | I10: =SUM(I6:I9) -> 169254.23 | ... P10: =SUM(P6:P9) -> 2539757.4
A12: Distribució de pressupost per any
A14: TOTAL
A15: Any | B15: Pressupost net | C15: IVA | D15: Import total
A16: 2022 | B16: =+B10 -> 197771.73 | C16: =+C10 -> 41532.06 | D16: =+B16+C16 -> 239303.79 | E16: (*) L'import total de l'IVA correspon al sumatori dels imports individuals detallats a la taula anterior (fila 10, columnes C, F, I, L) i no a l'aplicació directa de l'IVA actual del 21% sobre el pressupost net totalitzat (files 16 a 19 columna B).
A17: 2023 | B17: =+E10 -> 805972.55 | C17: =+F10 -> 169254.23 | D17: =+G10 -> 975226.78
A18: 2024 | B18: =+H10 -> 805972.55 | C18: =+I10 -> 169254.23 | D18: =+J10 -> 975226.78
A19: 2025 | B19: =+K10 -> 289256.2 | C19: =+L10 -> 60743.82 | D19: =+M10 -> 350000.02
A20: Total | B20: =SUM(B16:B19) -> 2098973 | C20: =SUM(C16:C19) -> 440784.34 | D20: =SUM(D16:D19) -> 2539757.4
D21: =+B20*1.21 -> 2539757.4
A22: Distribució de pressupost per any
A24: Any | B24: Període | C24: Capítol | D24: Import total | E24: Pressupost net | F24: IVA
A25: 2022 | B25: de l'1-9 al 31-12 | C25: II | D25: =D6+D7+D9 -> 108750.01 | E25: =B6+B7+B9 -> 89876.04 | F25: =C6+C7+C9 -> 18873.97
A26: 2022 | B26: de l'1-11 al 31-12 | C26: VI | D26: =D8 -> 130553.78 | E26: =B8 -> 107895.69 | F26: =C8 -> 22658.09
A27: 2023 | B27: de l'1-1 al 31-12 | C27: II | D27: =G6+G7+G9 -> 524999.99 | E27: =E6+E7+E9 -> 433884.29 | F27: =F6+F7+F9 -> 91115.7
A28: 2023 | B28: de l'1-1 al 31-12 | C28: VI | D28: =G8 -> 450226.79 | E28: =E8 -> 372088.26 | F28: =F8 -> 78138.53
A29: 2024 | B29: de l'1-1 al 31-12 | C29: II | D29: =J6+J7+J9 -> 524999.99 | E29: =H6+H7+H9 -> 433884.29 | F29: =I6+I7+I9 -> 91115.7
A30: 2024 | B30: de l'1-1 al 31-12 | C30: VI | D30: =J8 -> 450226.79 | E30: =H8 -> 372088.26 | F30: =I8 -> 78138.53
A31: 2025 | B31: de l'1-1 al 31-8 | C31: II | D31: =M6+M7+M9 -> 350000.02 | E31: =K6+K7+K9 -> 289256.2 | F31: =L6+L7+L9 -> 60743.82
A32: 2025 | B32: de l'1-1 al 31-8 | C32: VI | D32: =J19 -> 0 | E32: =H19 -> 0 | F32: =I19 -> 0
A33: Total | D33: =SUM(D25:D32) -> 2539757.4 | E33: =SUM(E25:E32) -> 2098973 | F33: =SUM(F25:F32) -> 440784.34
A35: Modificacions de contracte: ampliació / disminució
A36: Causes previstes de modificació | B36: Import contracte (IVA inclòs) | C36: % Ampliació sobre import del contracte | D36: Import màxim ampliació (amb IVA) | E36: % Disminució sobre import del contracte | F36: Import màxim disminució (amb IVA)
A37: Modificacions per augment o disminució de volumetries en Serveis/Aplicacions | B37: =$D$20 -> 2539757.4 | C37: 0.2 | D37: =+ROUND(B37*C37,2) -> 507951.47 | E37: 0.2 | F37: =+ROUND(B37*E37,2) -> 507951.47
A38: TOTAL | B38: =SUM(B37:B37) -> 2539757.4 | C38: =SUM(C37:C37) -> 0.2 | D38: =SUM(D37:D37) -> 507951.47 | E38: =SUM(E37:E37) -> 0.2 | F38: =SUM(F37:F37) -> 507951.47
D39: =+ROUND(D38/1.21,2) -> 419794.6 | F39: =+ROUND(F38/1.21,2) -> 419794.6
D40: IVA EXCLÒS | F40: IVA EXCLÒS
A41: VEC
B43: VE prestació | C43: VE eventuals pròrrogues | D43: VE modificacions contracte amb increment de cost previstes | E43: VE possible pròrroga excepcional ex art. 29.4 LCSP | F43: VE modificacions contracte amb disminució de cost previstes | G43: SUMA
A44: 2022 | B44: =+B16 -> 197771.73 | D44: =ROUND(H44/$H$51*$D$39,2) -> 22372.77 | F44: =ROUND(-H44/$H$51*$F$39,2) -> -22372.77 | G44: =SUM(B44:E44) -> 220144.5 | H44: =+B44+C44 -> 197771.73
A45: 2023 | B45: =+B17 -> 805972.55 | D45: =ROUND(H45/$H$51*$D$39,2) -> 91174.99 | F45: =ROUND(-H45/$H$51*$F$39,2) -> -91174.99 | G45: =SUM(B45:E45) -> 897147.54 | H45: =+B45+C45 -> 805972.55
A46: 2024 | B46: =+B18 -> 805972.55 | D46: =ROUND(H46/$H$51*$D$39,2) -> 91174.99 | F46: =ROUND(-H46/$H$51*$F$39,2) -> -91174.99 | G46: =SUM(B46:E46) -> 897147.54 | H46: =+B46+C46 -> 805972.55
A47: 2025 | B47: =+B19 -> 289256.2 | C47: =+B46-B47-'Càlcul pressupost '!N57 -> 268657.51 | D47: =ROUND(H47/$H$51*$D$39,2) -> 63113.54 | F47: =ROUND(-H47/$H$51*$F$39,2) -> -63113.54 | G47: =SUM(B47:E47) -> 621027.25 | H47: =+B47+C47 -> 557913.71
A48: 2026 | C48: =+B46 -> 805972.55 | D48: =ROUND(H48/$H$51*$D$39,2) -> 91174.99 | F48: =ROUND(-H48/$H$51*$F$39,2) -> -91174.99 | G48: =SUM(B48:E48) -> 897147.54 | H48: =+B48+C48 -> 805972.55
A49: 2027 | C49: =+B47+'Càlcul pressupost '!N57 -> 537315.04 | D49: =ROUND(H49/$H$51*$D$39,2) -> 60783.33 | E49: =+ROUND(+C48*0.333333333333333,2) -> 268657.52 | F49: =ROUND(-H49/$H$51*$F$39,2) -> -60783.33 | G49: =SUM(B49:E49) -> 866755.89 | H49: =+B49+C49 -> 537315.04
A50: 2028 | E50: =+ROUND(C48*0.416666666666667,2) -> 335821.9 | G50: =SUM(B50:E50) -> 335821.9 | H50: =+B50+C50 -> 0
A51: Total | B51: =SUM(B44:B50) -> 2098973 | C51: =SUM(C44:C50) -> 1611945.1 | D51: =SUM(D44:D50) -> 419794.61 | E51: =SUM(E44:E50) -> 604479.42 | F51: =SUM(F44:F50) -> -419794.61 | G51: =SUM(G44:G50) -> 4735192.2 | H51: =SUM(H44:H50) -> 3710918.1
A56: VEC | B56: Marges possibles solvènvia
A57: =+G51 -> 4735192.2 | B57: Solvència económica | D57: Solvència tècnica
A58: Anys de contracte | B58: ACONSELLABLE | C58: MÀXIM | D58: MÍNIM | E58: MÀXIM
A59: 5 | B59: =+C59/A59 -> 1420557.6 | C59: =1.5*A57 -> 7102788.2 | D59: =ROUND(A57*2/3/A59,2) -> 631358.95 | E59: =+C59 -> 7102788.2
B60: 1,5 x VEC / anys de contracte | C60: 1,5 x VEC | D60: 2/3 VEC / anys de contracte | E60: 1,5 x VEC

Sheet Costos Indirectes
A2: CÀLCUL COSTOS DIRECTES I INDIRECTES PEL PROJECTE
C4: Preu IVA exclòs | D4: Benefici Industrial (20%) | E4: Cost Total | F4: Cost Indirecte (8%) | G4: Suma costos Indirectes | H4: Cost personal | I4: Seguretat Social (34%) | J4: Salari Brut | K4: Suma costos directes
C5: ='Taules IJ'!B20 -> 2098973 | D5: =ROUND(C5*0.2, 2) -> 419794.61 | E5: =ROUND(C5-D5, 2) -> 1679178.4 | F5: =ROUND(E5*0.08, 2) -> 134334.27 | G5: =ROUND(D5+F5, 2) -> 554128.88 | H5: =ROUND(E5-F5, 2) -> 1544844.1 | I5: =ROUND(H5*(0.34/1.34), 2) -> 391975.38 | J5: =ROUND(H5-I5, 2) -> 1152868.8 | K5: =+H5 -> 1544844.1
C7: Costos directes:
C8: Costos salarials - Salari Brut | D8: =J5 -> 1152868.8
C9: Costos salarials - Seguretat Social (34%) | D9: =I5 -> 391975.38
C10: TOTAL (Suma costos directes) | D10: =+K5 -> 1544844.1
C12: Costos indirectes:
C13: Despeses generals d’estructura (8%) | D13: =F5 -> 134334.27
C14: Benefici industrial (20%) | D14: =D5 -> 419794.61
C15: TOTAL (Suma costos indirectes) | D15: =G5 -> 554128.88
C17: TOTAL DE COSTOS (directes + indirectes): | D17: =D10+D15 -> 2098973

Sheet Taula LOT-SERV-APP
A1: Contracte | B1: Servei | C1: Aplicació | D1: Lot X | E1: 2 lots!!
A2: G0389 | B2: SER0044 | C2: APP0860-SAP Subvencions | D2: 2
A3: G0389 | B3: SER0044 | C3: APP0861-SAP Convenis | D3: 2
A4: G0389 | B4: SER0044 | C4: APP0943-Expedient bustia etica | D4: 2
A5: G0389 | B5: SER0412 | C5: APP0867-Recepció factura electrònica | D5: 2
A6: G0389 | B6: SER0412 | C6: APP0864-Emissio factura electrònica | D6: 2
A7: G0389 | B7: SER0411 | C7: APP0866-FENS | D7: 2
A8: G0389 | B8: SER0474 | C8: APP0896-Gestió de bestretes | D8: 2
A9: G0389 | B9: SER0473 | C9: APP0895-Expedients economics(core) | D9: 2
A10: G0389 | B10: SER0038 | C10: APP0150-Compres | D10: 2
A11: G0389 | B11: SER0474 | C11: APP0898-Autorització de viatges | D11: 2
A13: G0389 | B13: SER0031 | C13: APP0176-COPERNICO | D13: 1
A14: G0389 | B14: SER0031 | C14: APP0719-Digitalització actes del plenari | D14: 1
... A34: G0074 | B34: SER0150 | C34: APP0071-Autorització comissió de servei | D34: 1
A36: Quden fora d'abast:
A37: GR | B37: SER0028 | C37: APP0360-Inmagic | D37: No | E37: Producte
A38: GR | B38: SER0028 | C38: APP0859-Unicorn-hyperion | D38: No
A39: GR | B39: SER0028 | C39: APP0868-Albala | D39: No
A40: GR | B40: SER0044 | C40: APP0262-eSubvencions | D40: No | E40: Contrato a parte
A41: GR | B41: Governança de serveis i projectes | D41: No
A42: GR | B42: Governança de gestió d'actius | D42: No
A43: GR | B43: Bustia etica | D43: No
A45: G0026 | B45: SER0028 | C45: APP0858-BCNROC | D45: No | E45: Producte
A46: G0024 | B46: SER0204 | C46: APP0862-Gestió Actius | D46: No
A47: G0004 | B47: SER0032 | C47: APP0373-INFOLEX | D47: No | E47: Producte
A48: G0004 | B48: SER0032 | C48: APP0865-Infolex de consulta | D48: No | E48: Producte
A49: G0018 | B49: SER0046 | C49: APP0169-Consums energetics | D49: No
A50: G0018 | B50: SER0047 | C50: APP0421-Manteniment Edificis | D50: No
A51: ? | C51: BKM | D51: No | E51: Producte
A52: Mediacloud | B52: SER0031 | C52: APP0478-Organismes Municipals | D52: No

Sheet Taula Estimació de dades
A1: LOT 2
A2: Contracte | B2: Servei | C2: Aplicació | D2: h Manteniment correctiu | E2: Preu/hora | F2: € Manteniment correctiu | G2: h Manteniment recurrent | H2: Preu/hora | I2: € Manteniment recurrent | J2: h OT | K2: Preu/hora | L2: € OT | M2: DATA INICI NOUS SERVEIS
A3: G0389 | B3: SER0044 | C3: APP0860-SAP Subvencions | D3: 75.29 | E3: 53.57 | F3: =D3*E3 -> 4033.2853 | G3: 570 | H3: 53.57 | I3: =G3*H3 -> 30534.9 | J3: 96.7935 | K3: 57.5 | L3: =J3*K3 -> 5565.6263
A4: G0389 | B4: SER0044 | C4: APP0861-SAP Convenis | D4: 288.60029 | E4: 53.57 | F4: =D4*E4 -> 15460.317 | G4: 577.20058 | H4: 53.57 | I4: =G4*H4 -> 30920.635 | J4: 129.87013 | K4: 57.5 | L4: =J4*K4 -> 7467.5325
A5: G0389 | B5: SER0044 | C5: APP0943-Expedient bustia etica | D5: 29.106349 | E5: 53.57 | F5: =D5*E5 -> 1559.2271 | G5: 89.798846 | H5: 53.57 | I5: =G5*H5 -> 4810.5242 | J5: 17.835779 | K5: 57.5 | L5: =J5*K5 -> 1025.5573
A6: G0389 | B6: SER0412 | C6: APP0867-Recepció factura electrònica | D6: 200 | E6: 53.57 | F6: =D6*E6 -> 10714 | G6: 220 | H6: 53.57 | I6: =G6*H6 -> 11785.4 | J6: 63 | K6: 57.5 | L6: =J6*K6 -> 3622.5
A7: G0389 | B7: SER0412 | C7: APP0864-Emissio factura electrònica | D7: 36.492063 | E7: 53.57 | F7: =D7*E7 -> 1954.8798 | G7: 72.984127 | H7: 53.57 | I7: =G7*H7 -> 3909.7597 | J7: 16.421429 | K7: 57.5 | L7: =J7*K7 -> 944.23214
A8: G0389 | B8: SER0411 | C8: APP0866-FENS | D8: 20 | E8: 53.57 | F8: =D8*E8 -> 1071.4 | G8: 85 | H8: 53.57 | I8: =G8*H8 -> 4553.45 | J8: 15.75 | K8: 57.5 | L8: =J8*K8 -> 905.625
A9: G0389 | B9: SER0474 | C9: APP0896-Gestió de bestretes | D9: 103.671 | E9: 53.57 | F9: =D9*E9 -> 5553.6552 | G9: 434.23719 | H9: 53.57 | I9: =G9*H9 -> 23262.086 | J9: 80.686227 | K9: 57.5 | L9: =J9*K9 -> 4639.4581
A10: G0389 | B10: SER0473 | C10: APP0895-Expedients economics(core) | D10: 0 | E10: 53.57 | F10: =D10*E10 -> 0 | G10: 202.4 | H10: 53.57 | I10: =G10*H10 -> 10842.568 | J10: 30.36 | K10: 57.5 | L10: =J10*K10 -> 1745.7
A11: G0389 | B11: SER0038 | C11: APP0150-Compres | D11: 0 | E11: 53.57 | F11: =D11*E11 -> 0 | G11: 159.03 | H11: 53.57 | I11: =G11*H11 -> 8519.2371 | J11: 23.8545 | K11: 57.5 | L11: =J11*K11 -> 1371.6337 | N11: Varia de molt poc
A12: G0389 | B12: SER0474 | C12: APP0898-Autorització de viatges | D12: 0 | E12: 53.57 | F12: =D12*E12 -> 0 | G12: 0 | H12: 53.57 | I12: =G12*H12 -> 0 | J12: 0 | K12: 57.5 | L12: =J12*K12 -> 0
A13: GR | B13: SER0044 | C13: APP0262-eSubvencions | D13: 288.60029 | E13: 53.57 | F13: =D13*E13 -> 15460.317 | G13: 649.35065 | H13: 53.57 | I13: =G13*H13 -> 34785.714 | J13: 140.69264 | K13: 57.5 | L13: =J13*K13 -> 8089.8268 | M13: 43466
D14: =SUM(D3:D13) -> 1041.76 | F14: =SUM(F3:F13) -> 55807.082 | G14: =SUM(G3:G13) -> 3060.0014 | I14: =SUM(I3:I13) -> 163924.27 | J14: =SUM(J3:J13) -> 615.26421 | L14: =SUM(L3:L13) -> 35377.692
A16: A partir de 16/05/2018
A17: Contracte | B17: Servei | C17: Aplicació | D17: h Manteniment correctiu | E17: h A partir 16/05/2018 | F17: Preu/hora | G17: € Manteniment correctiu | H17: h Manteniment recurrent | I17: h A partir 16/05/2018 | J17: Preu/hora | K17: € Manteniment recurrent | L17: h OT | M17: h A partir 16/05/2018 | N17: Preu/hora | O17: € OT | P17: DATA INICI NOUS SERVEIS
A18: G0389 | B18: SER0044 | C18: APP0860-SAP Subvencions | D18: 75.29 | E18: =D18/365*197.5 -> 40.73911 | F18: 53.57 | G18: =E18*F18 -> 2182.3941 | H18: 570 | I18: =H18/365*197.5 -> 308.42466 | J18: 53.57 | K18: =I18*J18 -> 16522.309 | L18: 96.7935 | M18: =L18/365*197.5 -> 52.374565 | N18: 57.5 | O18: =M18*N18 -> 3011.5375
A19: G0389 | B19: SER0044 | C19: APP0861-SAP Convenis | D19: 288.60029 | E19: =D19/365*197.5 -> 156.16043 | F19: 53.57 | G19: =E19*F19 -> 8365.5142 | H19: 577.20058 | I19: =H19/365*197.5 -> 312.32086 | J19: 53.57 | K19: =I19*J19 -> 16731.028 | L19: 129.87013 | M19: =L19/365*197.5 -> 70.272194 | N19: 57.5 | O19: =M19*N19 -> 4040.6511
A20: G0389 | B20: SER0044 | C20: APP0943-Expedient bustia etica | D20: 29.106349 | E20: =D20/365*197.5 -> 15.749326 | F20: 53.57 | G20: =E20*F20 -> 843.69139 | H20: 89.798846 | I20: =H20/365*197.5 -> 48.589786 | J20: 53.57 | K20: =I20*J20 -> 2602.9549 | L20: 17.835779 | M20: =L20/365*197.5 -> 9.6508668 | N20: 57.5 | O20: =M20*N20 -> 554.92484
A21: G0389 | B21: SER0412 | C21: APP0867-Recepció factura electrònica | D21: 200 | E21: =D21/365*197.5 -> 108.21918 | F21: 53.57 | G21: =E21*F21 -> 5797.3014 | H21: 220 | I21: =H21/365*197.5 -> 119.0411 | J21: 53.57 | K21: =I21*J21 -> 6377.0315 | L21: 63 | M21: =L21/365*197.5 -> 34.089041 | N21: 57.5 | O21: =M21*N21 -> 1960.1199
A22: G0389 | B22: SER0412 | C22: APP0864-Emissio factura electrònica | D22: 36.492063 | E22: =D22/365*197.5 -> 19.745706 | F22: 53.57 | G22: =E22*F22 -> 1057.7774 | H22: 72.984127 | I22: =H22/365*197.5 -> 39.491411 | J22: 53.57 | K22: =I22*J22 -> 2115.5549 | L22: 16.421429 | M22: =L22/365*197.5 -> 8.8855675 | N22: 57.5 | O22: =M22*N22 -> 510.92013
A23: G0389 | B23: SER0411 | C23: APP0866-FENS | D23: 20 | E23: =D23/365*197.5 -> 10.821918 | F23: 53.57 | G23: =E23*F23 -> 579.73014 | H23: 85 | I23: =H23/365*197.5 -> 45.993151 | J23: 53.57 | K23: =I23*J23 -> 2463.8531 | L23: 15.75 | M23: =L23/365*197.5 -> 8.5222603 | N23: 57.5 | O23: =M23*N23 -> 490.02997
A24: G0389 | B24: SER0474 | C24: APP0896-Gestió de bestretes | D24: 103.671 | E24: =D24/365*197.5 -> 56.09595 | F24: 53.57 | G24: =E24*F24 -> 3005.06 | H24: 434.23719 | I24: =H24/365*197.5 -> 234.96396 | J24: 53.57 | K24: =I24*J24 -> 12587.019 | L24: 80.686227 | M24: =L24/365*197.5 -> 43.658986 | N24: 57.5 | O24: =M24*N24 -> 2510.3917
A25: G0389 | B25: SER0473 | C25: APP0895-Expedients economics(core) | D25: 0 | E25: =D25/365*197.5 -> 0 | F25: 53.57 | G25: =E25*F25 -> 0 | H25: 202.4 | I25: =H25/365*197.5 -> 109.51781 | J25: 53.57 | K25: =I25*J25 -> 5866.869 | L25: 30.36 | M25: =L25/365*197.5 -> 16.427671 | N25: 57.5 | O25: =M25*N25 -> 944.5911
A26: G0389 | B26: SER0038 | C26: APP0150-Compres | D26: 0 | E26: =D26/365*197.5 -> 0 | F26: 53.57 | G26: =E26*F26 -> 0 | H26: 159.03 | I26: =H26/365*197.5 -> 86.050479 | J26: 53.57 | K26: =I26*J26 -> 4609.7242 | L26: 23.8545 | M26: =L26/365*197.5 -> 12.907572 | N26: 57.5 | O26: =M26*N26 -> 742.18539 | Q26: Varia de molt poc
A27: G0389 | B27: SER0474 | C27: APP0898-Autorització de viatges | D27: 0 | E27: =D27/365*197.5 -> 0 | F27: 53.57 | G27: =E27*F27 -> 0 | H27: 0 | I27: =H27/365*197.5 -> 0 | J27: 53.57 | K27: =I27*J27 -> 0 | L27: 0 | M27: =L27/365*197.5 -> 0 | N27: 57.5 | O27: =M27*N27 -> 0
A28: GR | B28: SER0044 | C28: APP0262-eSubvencions | D28: 288.60029 | E28: =D28/365*197.5 -> 156.16043 | F28: 53.57 | G28: =E28*F28 -> 8365.5142 | H28: 649.35065 | I28: =H28/365*197.5 -> 351.36097 | J28: 53.57 | K28: =I28*J28 -> 18822.407 | L28: 140.69264 | M28: =L28/365*197.5 -> 76.12821 | N28: 57.5 | O28: =M28*N28 -> 4377.3721 | P28: 43466
E29: =SUM(E18:E28) -> 563.69205 | G29: =SUM(G18:G28) -> 30196.983 | I29: =SUM(I18:I28) -> 1655.7542 | K29: =SUM(K18:K28) -> 88698.751 | M29: =SUM(M18:M28) -> 332.91693 | O29: =SUM(O18:O28) -> 19142.724
A30: GERÈNCIA DE RECURSOS (GR) LOT2 SAP | B30: Glòria Santamaria | C30: 321139.87 | D30: =+C30*3 -> 963419.62 | G30: =+D30/36*M30*0.25 -> 13380.828 | H30: 0 | J30: =+D30+G30+H30 -> 976800.45 | K30: S | M30: 2 | N30: 43101 | O30: 43236 | P30: 43236 | Q30: 43297
F32: CORR-RECU-OT | G32: TRANS
E33: 2018 | F33: =G29+K29+O29 -> 138038.46 | G33: =G30 -> 13380.828
E34: 2019 | F34: =F14+I14+L14 -> 255109.05
E35: 2020 | F35: =F14+I14+L14 -> 255109.05
E36: 2021 | F36: =F14+I14+L14 -> 255109.05
F37: =SUM(F33:F36) -> 903365.6 | G37: =SUM(G33:G36) -> 13380.828 | H37: =F37+G37 -> 916746.43
A39: LOT 1
A40: Contracte | B40: Servei | C40: Aplicació | D40: h Manteniment correctiu | E40: Preu/hora | F40: € Manteniment correctiu | G40: h Manteniment recurrent | H40: Preu/hora | I40: € Manteniment recurrent | J40: h OT | K40: Preu/hora | L40: € OT | M40: DATA INICI NOUS SERVEIS
A41: G0389 | B41: SER0031 | C41: APP0176-COPERNICO | D41: 209.25492 | E41: 46.59 | F41: =D41*E41 -> 9749.1868 | G41: 982.79691 | H41: 49.95 | I41: =G41*H41 -> 49090.706 | J41: 178.80777 | K41: 57.5 | L41: =J41*K41 -> 10281.447
A42: G0389 | B42: SER0031 | C42: APP0719-Digitalització actes del plenari | D42: 72.916667 | E42: 46.59 | F42: =D42*E42 -> 3397.1875 | G42: 853.57417 | H42: 49.95 | I42: =G42*H42 -> 42636.03 | J42: 138.97362 | K42: 57.5 | L42: =J42*K42 -> 7990.9834
A43: G0389 | B43: SER0031 | C43: APP0295-GASETA | D43: 161.31323 | E43: 46.59 | F43: =D43*E43 -> 7515.5835 | G43: 739.83205 | H43: 49.95 | I43: =G43*H43 -> 36954.611 | J43: 135.17179 | K43: 57.5 | L43: =J43*K43 -> 7772.378
A44: G0389 | B44: SER0153 | C44: APP0668-Tauler d'Edictes | D44: 43.75 | E44: 46.59 | F44: =D44*E44 -> 2038.3125 | G44: 688.42667 | H44: 49.95 | I44: =G44*H44 -> 34386.912 | J44: 109.8265 | K44: 57.5 | L44: =J44*K44 -> 6315.0237
A45: G0080 | B45: SER0031 | C45: APP0233-eDecrets | D45: 63.135559 | E45: 46.59 | F45: =D45*E45 -> 2941.4857 | G45: 174.43309 | H45: 49.95 | I45: =G45*H45 -> 8712.933 | J45: 35.635298 | K45: 57.5 | L45: =J45*K45 -> 2049.0296
A46: G0080 | B46: SER0031 | C46: APP0942-eDecretIns | D46: 63.135559 | E46: 46.59 | F46: =D46*E46 -> 2941.4857 | G46: 174.43309 | H46: 49.95 | I46: =G46*H46 -> 8712.933 | J46: 35.635298 | K46: 57.5 | L46: =J46*K46 -> 2049.0296
A47: G0079 | B47: SER0031 | C47: APP0340-GPD | D47: 201.75654 | E47: 46.59 | F47: =D47*E47 -> 9399.8373 | G47: 498.38026 | H47: 49.95 | I47: =G47*H47 -> 24894.094 | J47: 105.02052 | K47: 57.5 | L47: =J47*K47 -> 6038.6799
A48: H0094 | B48: SER0031 | C48: Nou registre d'interessos | D48: 199.35211 | E48: 46.59 | F48: =D48*E48 -> 9287.8146 | G48: 375.47097 | H48: 49.95 | I48: =G48*H48 -> 18754.775 | J48: 86.223461 | K48: 57.5 | L48: =J48*K48 -> 4957.849
A49: G0519 | B49: SER0414 | C49: Nou sistema d'alcaldia | D49: 996.76053 | E49: 46.59 | F49: =D49*E49 -> 46439.073 | G49: 1993.5211 | H49: 49.95 | I49: =G49*H49 -> 99576.377 | J49: 448.54224 | K49: 57.5 | L49: =J49*K49 -> 25791.179 | M49: 43405
A50: Projecte nou | C50: Nou expedient de bustia etica | D50: 249.19013 | E50: 46.59 | F50: =D50*E50 -> 11609.768 | G50: 747.5704 | H50: 49.95 | I50: =G50*H50 -> 37341.141 | J50: 149.51408 | K50: 57.5 | L50: =J50*K50 -> 8597.0596 | M50: 43252
A51: Projecte nou | C51: Nou organismes municipals | D51: 124.59507 | E51: 46.59 | F51: =D51*E51 -> 5804.8841 | G51: 498.38026 | H51: 49.95 | I51: =G51*H51 -> 24894.094 | J51: 93.4463 | K51: 57.5 | L51: =J51*K51 -> 5373.1622 | M51: 43252
A52: Projecte nou | C52: Nou GRA | D52: 124.59507 | E52: 46.59 | F52: =D52*E52 -> 5804.8841 | G52: 498.38026 | H52: 49.95 | I52: =G52*H52 -> 24894.094 | J52: 93.4463 | K52: 57.5 | L52: =J52*K52 -> 5373.1622 | M52: 43252
A54: G0080 | B54: SER0031 | C54: APP0591-RIS Unions civils | D54: 10.601545 | E54: 46.59 | F54: =D54*E54 -> 493.92598 | G54: 0 | H54: 49.95 | I54: =G54*H54 -> 0 | J54: 1.5902317 | K54: 57.5 | L54: =J54*K54 -> 91.438325
A55: G0080 | B55: SER0027 | C55: APP0571-RecGUB | D55: 85.016197 | E55: 46.59 | F55: =D55*E55 -> 3960.9046 | G55: 0 | H55: 49.95 | I55: =G55*H55 -> 0 | J55: 12.75243 | K55: 57.5 | L55: =J55*K55 -> 733.2647
A56: G0074 | B56: SER0027 | C56: APP0579-RIS centralitzat | D56: 28.842263 | E56: 46.59 | F56: =D56*E56 -> 1343.761 | G56: 0 | H56: 49.95 | I56: =G56*H56 -> 0 | J56: 4.3263394 | K56: 57.5 | L56: =J56*K56 -> 248.76452
A57: G0080 | B57: SER0032 | C57: APP0341-GRA | D57: 0 | E57: 46.59 | F57: =D57*E57 -> 0 | G57: 0 | H57: 49.95 | I57: =G57*H57 -> 0 | J57: 0 | K57: 57.5 | L57: =J57*K57 -> 0
A58: G0080 | B58: SER0413 | C58: APP0702-VIPS | D58: 0 | E58: 46.59 | F58: =D58*E58 -> 0 | G58: 121.44256 | H58: 49.95 | I58: =G58*H58 -> 6066.056 | J58: 18.216384 | K58: 57.5 | L58: =J58*K58 -> 1047.4421
A59: G0080 | B59: SER0413 | C59: APP0900 - ORGA | D59: 0 | E59: 46.59 | F59: =D59*E59 -> 0 | G59: 0 | H59: 49.95 | I59: =G59*H59 -> 0 | J59: 0 | K59: 57.5 | L59: =J59*K59 -> 0
A60: G0080 | B60: SER0413 | C60: APP0899 SIAP | D60: 0 | E60: 46.59 | F60: =D60*E60 -> 0 | G60: 0 | H60: 49.95 | I60: =G60*H60 -> 0 | J60: 0 | K60: 57.5 | L60: =J60*K60 -> 0
A61: G0080 | B61: SER0413 | C61: APP0896 VERDI | D61: 0 | E61: 46.59 | F61: =D61*E61 -> 0 | G61: 0 | H61: 49.95 | I61: =G61*H61 -> 0 | J61: 0 | K61: 57.5 | L61: =J61*K61 -> 0
A62: G0080 | B62: SER0414 | C62: APP0592-RISPLUS | D62: 654.49265 | E62: 46.59 | F62: =D62*E62 -> 30492.813 | G62: 747.5704 | H62: 49.95 | I62: =G62*H62 -> 37341.141 | J62: 210.30946 | K62: 57.5 | L62: =J62*K62 -> 12092.794
A63: G0074 | B63: SER0414 | C63: APP0294-GALIOT consulta històric | D63: 25.73237 | E63: 46.59 | F63: =D63*E63 -> 1198.8711 | G63: 0 | H63: 49.95 | I63: =G63*H63 -> 0 | J63: 3.8598555 | K63: 57.5 | L63: =J63*K63 -> 221.94169
D64: =SUM(D41:D63) -> 3314.4404 | F64: =SUM(F41:F63) -> 154419.78 | G64: =SUM(G41:G63) -> 9094.2121 | I64: =SUM(I41:I63) -> 454255.9 | J64: =SUM(J41:J63) -> 1861.2979 | L64: =SUM(L41:L63) -> 107024.63
A66: A partir de 16/05/2018
A67: Contracte | B67: Servei | C67: Aplicació | D67: h Manteniment correctiu | E67: h A partir 16/05/2018 | F67: Preu/hora | G67: € Manteniment correctiu | H67: h Manteniment recurrent | I67: h A partir 16/05/2018 | J67: Preu/hora | K67: € Manteniment recurrent | L67: h OT | M67: h A partir 16/05/2018 | N67: Preu/hora | O67: € OT | P67: DATA INICI NOUS SERVEIS
A68: G0389 | B68: SER0031 | C68: APP0176-COPERNICO | D68: 209.25492 | E68: =D68/365*197.5 -> 113.22698 | F68: 46.59 | G68: =E68*F68 -> 5275.2449 | H68: 982.79691 | I68: =H68/365*197.5 -> 531.78737 | J68: 49.95 | K68: =I68*J68 -> 26562.779 | L68: 178.80777 | M68: =L68/365*197.5 -> 96.752152 | N68: 57.5 | O68: =M68*N68 -> 5563.2487
A69: G0389 | B69: SER0031 | C69: APP0719-Digitalització actes del plenari | D69: 72.916667 | E69: =D69/365*197.5 -> 39.454909 | F69: 46.59 | G69: =E69*F69 -> 1838.2042 | H69: 853.57417 | I69: =H69/365*197.5 -> 461.86547 | J69: 49.95 | K69: =I69*J69 -> 23070.18 | L69: 138.97362 | M69: =L69/365*197.5 -> 75.198057 | N69: 57.5 | O69: =M69*N69 -> 4323.8883
A70: G0389 | B70: SER0031 | C70: APP0295-GASETA | D70: 161.31323 | E70: =D70/365*197.5 -> 87.285927 | F70: 46.59 | G70: =E70*F70 -> 4066.6513 | H70: 739.83205 | I70: =H70/365*197.5 -> 400.32008 | J70: 49.95 | K70: =I70*J70 -> 19995.988 | L70: 135.17179 | M70: =L70/365*197.5 -> 73.140901 | N70: 57.5 | O70: =M70*N70 -> 4205.6018
A71: G0389 | B71: SER0153 | C71: APP0668-Tauler d'Edictes | D71: 43.75 | E71: =D71/365*197.5 -> 23.672945 | F71: 46.59 | G71: =E71*F71 -> 1102.9225 | H71: 688.42667 | I71: =H71/365*197.5 -> 372.50484 | J71: 49.95 | K71: =I71*J71 -> 18606.617 | L71: 109.8265 | M71: =L71/365*197.5 -> 59.426668 | N71: 57.5 | O71: =M71*N71 -> 3417.0334
A72: G0080 | B72: SER0031 | C72: APP0233-eDecrets | D72: 63.135559 | E72: =D72/365*197.5 -> 34.162392 | F72: 46.59 | G72: =E72*F72 -> 1591.6258 | H72: 174.43309 | I72: =H72/365*197.5 -> 94.385029 | J72: 49.95 | K72: =I72*J72 -> 4714.5322 | L72: 35.635298 | M72: =L72/365*197.5 -> 19.282113 | N72: 57.5 | O72: =M72*N72 -> 1108.7215
A73: G0080 | B73: SER0031 | C73: APP0942-eDecretIns | D73: 63.135559 | E73: =D73/365*197.5 -> 34.162392 | F73: 46.59 | G73: =E73*F73 -> 1591.6258 | H73: 174.43309 | I73: =H73/365*197.5 -> 94.385029 | J73: 49.95 | K73: =I73*J73 -> 4714.5322 | L73: 35.635298 | M73: =L73/365*197.5 -> 19.282113 | N73: 57.5 | O73: =M73*N73 -> 1108.7215
A74: G0079 | B74: SER0031 | C74: APP0340-GPD | D74: 201.75654 | E74: =D74/365*197.5 -> 109.16964 | F74: 46.59 | G74: =E74*F74 -> 5086.2133 | H74: 498.38026 | I74: =H74/365*197.5 -> 269.67151 | J74: 49.95 | K74: =I74*J74 -> 13470.092 | L74: 105.02052 | M74: =L74/365*197.5 -> 56.826172 | N74: 57.5 | O74: =M74*N74 -> 3267.5049
A75: H0094 | B75: SER0031 | C75: Nou registre d'interessos | D75: 199.35211 | E75: =D75/365*197.5 -> 107.86861 | F75: 46.59 | G75: =E75*F75 -> 5025.5983 | H75: 375.47097 | I75: =H75/365*197.5 -> 203.1658 | J75: 49.95 | K75: =I75*J75 -> 10148.132 | L75: 86.223461 | M75: =L75/365*197.5 -> 46.655161 | N75: 57.5 | O75: =M75*N75 -> 2682.6717
A76: G0519 | B76: SER0414 | C76: Nou sistema d'alcaldia | D76: 996.76053 | E76: =D76/365*197.5 -> 539.34303 | F76: 46.59 | G76: =E76*F76 -> 25127.992 | H76: 1993.5211 | I76: =H76/365*197.5 -> 1078.6861 | J76: 49.95 | K76: =I76*J76 -> 53880.368 | L76: 448.54224 | M76: =L76/365*197.5 -> 242.70436 | N76: 57.5 | O76: =M76*N76 -> 13955.501 | P76: 43405
A77: Projecte nou | C77: Nou expedient de bustia etica | D77: 249.19013 | E77: =D77/365*197.5 -> 134.83576 | F77: 46.59 | G77: =E77*F77 -> 6281.9979 | H77: 747.5704 | I77: =H77/365*197.5 -> 404.50727 | J77: 49.95 | K77: =I77*J77 -> 20205.138 | L77: 149.51408 | M77: =L77/365*197.5 -> 80.901454 | N77: 57.5 | O77: =M77*N77 -> 4651.8336 | P77: 43252
A78: Projecte nou | C78: Nou organismes municipals | D78: 124.59507 | E78: =D78/365*197.5 -> 67.417878 | F78: 46.59 | G78: =E78*F78 -> 3140.9989 | H78: 498.38026 | I78: =H78/365*197.5 -> 269.67151 | J78: 49.95 | K78: =I78*J78 -> 13470.092 | L78: 93.4463 | M78: =L78/365*197.5 -> 50.563409 | N78: 57.5 | O78: =M78*N78 -> 2907.396 | P78: 43252
A79: Projecte nou | C79: Nou GRA | D79: 124.59507 | E79: =D79/365*197.5 -> 67.417878 | F79: 46.59 | G79: =E79*F79 -> 3140.9989 | H79: 498.38026 | I79: =H79/365*197.5 -> 269.67151 | J79: 49.95 | K79: =I79*J79 -> 13470.092 | L79: 93.4463 | M79: =L79/365*197.5 -> 50.563409 | N79: 57.5 | O79: =M79*N79 -> 2907.396 | P79: 43252
A81: G0080 | B81: SER0031 | C81: APP0591-RIS Unions civils | D81: 10.601545 | E81: =D81/365*197.5 -> 5.7364524 | F81: 46.59 | G81: =E81*F81 -> 267.26132 | H81: 0 | I81: =H81/365*197.5 -> 0 | J81: 49.95 | K81: =I81*J81 -> 0 | L81: 1.5902317 | M81: =L81/365*197.5 -> 0.86046786 | N81: 57.5 | O81: =M81*N81 -> 49.476902
A82: G0080 | B82: SER0027 | C82: APP0571-RecGUB | D82: 85.016197 | E82: =D82/365*197.5 -> 46.001915 | F82: 46.59 | G82: =E82*F82 -> 2143.2292 | H82: 0 | I82: =H82/365*197.5 -> 0 | J82: 49.95 | K82: =I82*J82 -> 0 | L82: 12.75243 | M82: =L82/365*197.5 -> 6.9002873 | N82: 57.5 | O82: =M82*N82 -> 396.76652
A83: G0074 | B83: SER0027 | C83: APP0579-RIS centralitzat | D83: 28.842263 | E83: =D83/365*197.5 -> 15.60643 | F83: 46.59 | G83: =E83*F83 -> 727.10356 | H83: 0 | I83: =H83/365*197.5 -> 0 | J83: 49.95 | K83: =I83*J83 -> 0 | L83: 4.3263394 | M83: =L83/365*197.5 -> 2.3409645 | N83: 57.5 | O83: =M83*N83 -> 134.60546
A84: G0080 | B84: SER0032 | C84: APP0341-GRA | D84: 0 | E84: =D84/365*197.5 -> 0 | F84: 46.59 | G84: =E84*F84 -> 0 | H84: 0 | I84: =H84/365*197.5 -> 0 | J84: 49.95 | K84: =I84*J84 -> 0 | L84: 0 | M84: =L84/365*197.5 -> 0 | N84: 57.5 | O84: =M84*N84 -> 0
A85: G0080 | B85: SER0413 | C85: APP0702-VIPS | D85: 0 | E85: =D85/365*197.5 -> 0 | F85: 46.59 | G85: =E85*F85 -> 0 | H85: 121.44256 | I85: =H85/365*197.5 -> 65.712071 | J85: 49.95 | K85: =I85*J85 -> 3282.3179 | L85: 18.216384 | M85: =L85/365*197.5 -> 9.8568107 | N85: 57.5 | O85: =M85*N85 -> 566.76661
A86: G0080 | B86: SER0413 | C86: APP0900 - ORGA | D86: 0 | E86: =D86/365*197.5 -> 0 | F86: 46.59 | G86: =E86*F86 -> 0 | H86: 0 | I86: =H86/365*197.5 -> 0 | J86: 49.95 | K86: =I86*J86 -> 0 | L86: 0 | M86: =L86/365*197.5 -> 0 | N86: 57.5 | O86: =M86*N86 -> 0
A87: G0080 | B87: SER0413 | C87: APP0899 SIAP | D87: 0 | E87: =D87/365*197.5 -> 0 | F87: 46.59 | G87: =E87*F87 -> 0 | H87: 0 | I87: =H87/365*197.5 -> 0 | J87: 49.95 | K87: =I87*J87 -> 0 | L87: 0 | M87: =L87/365*197.5 -> 0 | N87: 57.5 | O87: =M87*N87 -> 0
A88: G0080 | B88: SER0413 | C88: APP0896 VERDI | D88: 0 | E88: =D88/365*197.5 -> 0 | F88: 46.59 | G88: =E88*F88 -> 0 | H88: 0 | I88: =H88/365*197.5 -> 0 | J88: 49.95 | K88: =I88*J88 -> 0 | L88: 0 | M88: =L88/365*197.5 -> 0 | N88: 57.5 | O88: =M88*N88 -> 0
A89: G0080 | B89: SER0414 | C89: APP0592-RISPLUS | D89: 654.49265 | E89: =D89/365*197.5 -> 354.14328 | F89: 46.59 | G89: =E89*F89 -> 16499.536 | H89: 747.5704 | I89: =H89/365*197.5 -> 404.50727 | J89: 49.95 | K89: =I89*J89 -> 20205.138 | L89: 210.30946 | M89: =L89/365*197.5 -> 113.79758 | N89: 57.5 | O89: =M89*N89 -> 6543.361
A90: G0074 | B90: SER0414 | C90: APP0294-GALIOT consulta històric | D90: 25.73237 | E90: =D90/365*197.5 -> 13.92368 | F90: 46.59 | G90: =E90*F90 -> 648.70423 | H90: 0 | I90: =H90/365*197.5 -> 0 | J90: 49.95 | K90: =I90*J90 -> 0 | L90: 3.8598555 | M90: =L90/365*197.5 -> 2.0885519 | N90: 57.5 | O90: =M90*N90 -> 120.09174
E91: =SUM(E68:E90) -> 1793.4301 | G91: =SUM(G68:G90) -> 83555.907 | I91: =SUM(I68:I90) -> 4920.8408 | K91: =SUM(K68:K90) -> 245796 | M91: =SUM(M68:M90) -> 1007.1406 | O91: =SUM(O68:O90) -> 57910.587
A92: GERÈNCIA DE RECURSOS (GR) LOT1 J2EE | B92: Glòria Santamaria | C92: 582484.78 | D92: =+C92*3 -> 1747454.3 | G92: =+D92/36*M92*0.25 -> 24270.199 | H92: 0 | J92: =+D92+G92+H92 -> 1771724.5 | K92: S | M92: 2 | N92: 43101 | O92: 43236 | P92: 43236 | Q92: 43297
F94: CORR-RECU-OT | G94: TRANS
E95: 2018 | F95: =G91+K91+O91 -> 387262.49 | G95: =G92 -> 24270.199
E96: 2019 | F96: =F64+I64+L64 -> 715700.3
E97: 2020 | F97: =F64+I64+L64 -> 715700.3
E98: 2021 | F98: =F64+I64+L64 -> 715700.3
F99: =SUM(F95:F98) -> 2534363.4 | G99: =SUM(G95:G98) -> 24270.199 | H99: =F99+G99 -> 2558633.6
A104: Queden fora els següents manteniments:
A105: GR | B105: SER0028 | C105: APP0360-Inmagic | G105: 6000
A106: GR | B106: SER0028 | C106: APP0859-Unicorn-hyperion | G106: 11459.83
A107: GR | B107: SER0028 | C107: APP0868-Albala | G107: 21244.99
A108: GR | B108: SER0044 | C108: APP0262-eSubvencions | G108: 60000
A109: GR | B109: Governança de serveis i projectes | G109: 170000
A110: GR | B110: Governança de gestió d'actius | G110: 44000
A111: GR | B111: Bustia etica | G111: 6000
...

Sheet Hoja2
